cohdb
Replays
Latest Replays
All Replays
Popular Replays
Top Player Replays
Match Explorer
How It Works
Community
CoH3 Stats
Reddit
Sign in to upload your games and track your stats! →
Sign in with Steam
Match 38339284
Unlisted
Match 38339284
Overview
Messages
Build Orders
End
Pioneer Squad
Construct Infanterie Kompanie
MG 42 Machine Gun Team
Grenadier Squad
Grenadier Squad
Construct Luftwaffe Kompanie
Selects Breakthrough Battlegroup
Selects Rapid Production
221 Scout Car
Selects Assault Grenadiers
Flak 30 Anti-aircraft Gun Team
Medical Station
Jäger Squad
MG 42 Machine Gun Team
Construct Panzer Kompanie
Selects Breakthrough
Selects Incendiary Bombing Run
Stoßtruppen Squad
Selects Blitzkrieg
Panzer IV Medium Tank
Stoßtruppen Squad
Panzer IV Medium Tank
Construct Panzergrenadier Kompanie
实力不足只能当老六了
Mael Radec
Martinez
bobik
0
0
Comments
sign in to comment!
No comments posted yet!